 Dungeon Crawl Stone Soup version 0.26-a0-1222-g14533b3512 (webtiles) character file.

Game seed: 3927728343224605084

112 Morgoth the Insei (level 4, -4/25 HPs)
             Began as a Tengu Transmuter on Dec 31, 2020.
             Killed by divine providence
             ... invoked by an orc priest
              (13 damage)
             ... on level 2 of the Dungeon.
             The game lasted 00:03:08 (1548 turns).

Morgoth the Insei (Tengu Transmuter)                Turns: 1548, Time: 00:03:08

Health: -4/25      AC:  5    Str: 12    XL:     4   Next: 95%
Magic:  8/8        EV: 11    Int: 13    God:
Gold:   21         SH:  0    Dex: 14    Spells: 6/7 levels left

rFire    . . .     SeeInvis .   f - +1 whip (elec)
rCold    . . .     Faith    .   (no shield)
rNeg     . . .     Spirit   .   c - +0 ring mail
rPois    .         Reflect  .   (helmet restricted)
rElec    .         Harm     .   (no cloak)
rCorr    .         Rampage  .   (no gloves)
Will     .....                  (boots unavailable)
Stlth    +.........             (no amulet)
HPRegen  0.08/turn              (no ring)
MPRegen  0.11/turn              (no ring)

@: no status effects
A: beak, talons 3
a: no special abilities


You were on level 2 of the Dungeon.
You visited 1 branch of the dungeon, and saw 2 of its levels.

You collected 21 gold pieces.

Inventory:

Hand Weapons
 f - a +1 whip of electrocution (weapon)
Armour
 c - a +0 ring mail (worn)
Scrolls
 a - a scroll of enchant weapon {unknown}
 g - a scroll of blinking {unknown}
 h - 2 scrolls of enchant armour {unknown}
 j - a scroll of identify {unknown}
Potions
 b - 2 potions of curing {unknown}
 d - 2 potions of heal wounds {unknown}
 e - 2 potions of degeneration {unknown}
 i - a potion of flight {unknown}
 k - a potion of haste {unknown}
 l - a potion of might {unknown}


   Skills:
 - Level 1.0 Fighting
 + Level 3.3 Maces & Flails
 - Level 2.1 Dodging
 - Level 4.7 Unarmed Combat
 - Level 2.0 Spellcasting
 - Level 1.5 Transmutations


You had 6 spell levels left.
You knew the following spells:

 Your Spells              Type           Power        Failure   Level
a - Beastly Appendage     Tmut           10%          30%         1

Your spell library contained the following spells:

 Spells                   Type           Power        Failure   Level
 Wereblood                Tmut           5%           43%         2
 Animate Skeleton         Necr           2%           50%         1
 Apportation              Tloc           2%           50%         1
 Corona                   Hex            1%           50%         1
 Summon Small Mammal      Summ           4%           50%         1
 Spider Form              Tmut/Pois      1%           77%         3
 Ice Form                 Ice/Tmut       3%           99%         4
 Blade Hands              Tmut           2%           100%        5


Dungeon Overview and Level Annotations

Branches:
Dungeon (2/15)

Altars:
Zin

Shops:
D:2 *

Annotations:
D:2 1 runed translucent door, Crazy Yiuf


Innate Abilities, Weirdness & Mutations

You have a beak for a mouth.
You have claws for feet.


Message History

2 orcs come into view.
The orc shouts! x2; You hear a shout!
There are monsters nearby!
There are monsters nearby!
There are monsters nearby!
An orc comes into view.
The orc shouts!
An orc priest comes into view. It is wielding a +0 whip.
The orc priest shouts!
The orc priest calls down the wrath of Beogh upon you.
Beogh smites you!
Ouch! That really hurt!
* * * LOW HITPOINT WARNING * * *
The orc completely misses you.
You hit the orc. You claw the orc.
You kill the orc!
The orc priest invokes the aid of Beogh against you.
Beogh smites you!
Ouch! That really hurt!
You die...

♣♣ ##.## #.#
.♣ ##...###.#
.# #..#..##.#
.# #.###....#
.# #..#..####
## #....## #
#.#.####### #
#.#....#..##
#
#@#..#.....##
#
#o#.###.....#
#.#.#⌠_..∩..#
#o#.###.....#
## #
#.#..#.....##
...# #
#o#....#..##
##.#.#
#.#...#####
)....##
#.##.##
...(... #.#


You could see an orc priest and 2 orcs.

Vanquished Creatures
  Natasha (twice) (D:2)
  An adder (D:2)
  2 oozes (D:1)
  A worm (D:2)
  A dart slug (D:1)
  4 leopard geckos
  An orc (D:2)
  A giant cockroach (D:1)
  2 goblins
  3 hobgoblins
  5 jackals (D:1)
  A ball python (D:1)
  4 bats
  2 frilled lizards
  4 kobolds
  6 rats
40 creatures vanquished.

Notes
Turn   | Place    | Note
-------+----------+-------------------------------------------
     0 | D:1      | Morgoth the Tengu Transmuter began the quest for the Orb.
     0 | D:1      | Reached XP level 1. HP: 12/12 MP: 4/4
    36 | D:1      | Reached XP level 2. HP: 15/16 MP: 6/6
    93 | D:1      | Reached skill level 4 in Unarmed Combat
   470 | D:1      | Reached XP level 3. HP: 14/20 MP: 7/7
   982 | D:2      | Reached skill level 1 in Maces & Flails
  1018 | D:2      | Noticed Natasha
  1032 | D:2      | Killed Natasha
  1033 | D:2      | Reached XP level 4. HP: 10/25 MP: 8/8
  1326 | D:2      | Found a runed translucent door.
  1327 | D:2      | Noticed Crazy Yiuf
  1358 | D:2      | Noticed Natasha
  1368 | D:2      | Killed Natasha
  1510 | D:2      | Found Zin's Purification Station.
  1514 | D:2      | Found a glowing silver altar of Zin.
  1548 | D:2      | Killed from afar by an orc priest

Illustrated notes

Levels and vault maps discovered:
D:1:      eino_arrival_tree_alley, layout_basic
D:2:      layout_loops_ring, zin_purify, fedhas_altar_4,
          uniq_crazy_yiuf_cottage, uniq_natasha

Skill      XL: |  1  2  3  4 |
---------------+-------------+-----
Unarmed Combat | 4 |  4.7
Maces & Flails | 2 3 |  3.3
Fighting       | |  1.0
Dodging        | |  2.1
Spellcasting   | |  2.0
Transmutations | |  1.5

Action                   |  1- 3 |  4- 6 || total
-------------------------+-------+-------++-------
Melee: Unarmed           |    59 |       ||    59
       Kick              |    21 |     3 ||    24
       Peck              |    10 |     3 ||    13
       Whip              |    19 |    27 ||    46
 Stab: Sleeping          |     1 |       ||     1
Armor: Robe              |     4 |       ||     4
       Ring mail         |    25 |     5 ||    30
Dodge: Dodged            |    48 |    12 ||    60

Table legend: (Time is in decaauts)
 A = Elapsed time spent in this place.
 B = Non-inter-level travel time spent in this place.
 C = Inter-level travel time spent in this place.
 D = Time resting spent in this place.
 E = Time spent auto-exploring this place.
 F = Levels seen in this place.
 G = Mean time per level.
                   A        B        C        D        E       F      G
               +--------+--------+--------+--------+--------+-----+--------+
         Total |   1550 |   1535 |     15 |    200 |   1004 |   2 |  775.0 |
       Dungeon |   1550 |   1535 |     15 |    200 |   1004 |   2 |  775.0 |
               +--------+--------+--------+--------+--------+-----+--------+

Top non-repeatable levels by time:
     D:1: 936 daAuts
     D:2: 614 daAuts
